 Dungeon Crawl Stone Soup version 0.22-a0-231-g1b571ea (webtiles) character file.

2 Amnesiac the Charlatan (level 1, 0/9 HPs)
             Began as a Spriggan Artificer on Feb 20, 2018.
             Slain by a goblin
             ... wielding a +0 dagger
              (2 damage)
             ... on level 1 of the Dungeon.
             The game lasted 00:00:24 (68 turns).

Amnesiac the Charlatan (Spriggan Artificer)           Turns: 68, Time: 00:00:25

Health: 0/9        AC:  2    Str:  8    XL:     1   Next: 33%
Magic:  4/4        EV: 18    Int: 12    God:
Gold:   0          SH:  0    Dex: 16    Spells: 0/0 levels left

rFire    . . .     SeeInvis +   h - +0 dagger
rCold    . . .     Gourm    .   (shield restricted)
rNeg     . . .     Faith    .   b - +0 robe
rPois    .         Spirit   .   (helmet restricted)
rElec    .         Reflect  .   (no cloak)
rCorr    .         Harm     .   (gloves unavailable)
MR       .....                  (boots unavailable)
Stlth    ++........             (no amulet)
HPRegen  0.03/turn              (no ring)
MPRegen  0.09/turn              (no ring)

@: very quick
A: very small, unfitting armour, see invisible, herbivore, speed 3, slow
metabolism 2
a: no special abilities


You were on level 1 of the Dungeon.
You were not hungry.

You visited 1 branch of the dungeon, and saw 1 of its levels.

Inventory:

Hand Weapons
 a - a +0 short sword
 h - a +0 dagger (weapon)
Armour
 b - a +0 robe (worn)
Wands
 c - a wand of flame (12)
 d - a wand of enslavement (15)
 e - a wand of random effects (15)
Scrolls
 g - 2 scrolls of teleportation {!r, unknown}
 i - a scroll of amnesia {!r, unknown}
Comestibles
 f - a ration


   Skills:
 + Level 0.8 Fighting
 - Level 1.1 Short Blades
 + Level 3.1 Dodging
 - Level 1.5 Stealth
 * Level 4.1 Evocations


You couldn't memorise any spells.
You didn't know any spells.

Dungeon Overview and Level Annotations

Branches:
Dungeon (1/15)

Altars:


Innate Abilities, Weirdness & Mutations

You are very small and have problems with some larger weapons.
You are too small for most types of armour.
You have supernaturally acute eyesight. (SInv)
You are a herbivore.
You cover ground extremely quickly.
You need consume almost no food.


Message History

h - a dagger
Found a scroll labeled GISAB MAILI.
g - 2 scrolls labeled ZYEPSE RYKA {!r} (gained 1) Wield which item (- for none, * to show all)? (? for menu, Esc to quit)
h - a +0 dagger (weapon)
2 goblins come into view.
The goblin shouts!
You hear a shout!
A frilled lizard comes into view.
Found a thick diamond amulet.
A goblin comes into view.
The goblin shouts!
You see here a scroll labeled GISAB MAILI {!r}.
You see here a scroll labeled GISAB MAILI {!r}.
i - a scroll labeled GISAB MAILI {!r} The frilled lizard misses you.
The goblin hits you. The goblin hits you with a dagger.
* * * LOW HITPOINT WARNING * * *
A dart slug comes into view.
There is a staircase leading out of the dungeon here.
You open the door. 2 rats come into view.
Found a leather armour and a short sword.
There are monsters nearby!
A rat comes into view.
The rat misses you.
There is an open door here.
You hit the rat.
The rat is heavily wounded.
The rat bites you.
* * * LOW HITPOINT WARNING * * *
As you close the door, it creaks loudly!
You hear a bark!
You start resting.
There is a staircase leading out of the dungeon here.
A jackal comes into view.
The jackal moves out of view.
A dart slug comes into view.
You closely miss the jackal. The jackal bites you.
* * * LOW HITPOINT WARNING * * *
Evoke which item? (* to show all) (? for menu, Esc to quit)
Aiming: Throw Flame
Press: ? - help, Shift-Dir - straight line, f - goblin
Aim: a goblin, wielding a dagger The puff of flame misses the goblin. x2
The puff of flame hits the frilled lizard.
You kill the frilled lizard!
The jackal misses you. The goblin completely misses you.
The jackal barely misses you.
Evoke which item? (* to show all) (? for menu, Esc to quit)
Aiming: Throw Flame
Press: ? - help, Shift-Dir - straight line, f/p - goblin
Aim: a goblin, wielding a dagger The puff of flame misses the goblin.
The puff of flame hits the goblin.
You kill the goblin!
The goblin completely misses you. The jackal completely misses you.
Evoke which item? (* to show all) (? for menu, Esc to quit)
Aiming: Throw Flame
Press: ? - help, Shift-Dir - straight line, f/p - goblin
Aim: a goblin, wielding a dagger The puff of flame misses the goblin.
The jackal bites you but does no damage.
The goblin hits you with a dagger.
You die...

##.## #..#
##.## #..#
####.#
#..#.#
#....#
###.<#g#
#r+..#@#
#...####h#
#..[# #..
#..# #...
#r.. #....
#). #.w...
#. #......
#r
.#......


You could see a dart slug, a jackal and a goblin.

Vanquished Creatures
  A goblin (D:1)
  2 frilled lizards (D:1)
3 creatures vanquished.

Notes
Turn   | Place    | Note
-------+----------+-------------------------------------------
     0 | D:1      | Amnesiac the Spriggan Artificer began the quest for the Orb.
     0 | D:1      | Reached XP level 1. HP: 9/9 MP: 4/4
    68 | D:1      | Slain by a goblin

Vault maps used:
D:1:      dpeg_arrival_ratfight, minmay_ruptured

Action                   || total
-------------------------++-------
Melee: Dagger            ||     2
       Short sword       ||     1
Evoke: Wand              ||     3
Armor: Robe              ||     1
Dodge: Dodged            ||     7

Table legend:
 A = Spawn XP
 B = Non-spawn XP
 C = Spawn XP percentage of total XP
 D = Spawn monster count
 E = Non-spawn monster count
 F = Spawn count percentage of total count
 G = Total turns spent on level
                    A         B        C        D         E        F      G
               +---------+---------+-------+---------+---------+-------+---------
         Total |       0 |       4 |   0.0 |       0 |       3 |   0.0 |    68
               +---------+---------+-------+---------+---------+-------+---------
           D:1 |       0 |       4 |   0.0 |       0 |       3 |   0.0 |    68
               +---------+---------+-------+---------+---------+-------+---------
